 Dungeon Crawl Stone Soup version 0.25-a0-479-g8579842fd4 (webtiles) character file.

Game seed: 8386166650482595714, levelgen mode: deterministic

630 Alarak the Carver (level 7, -10/57 HPs)
             Began as a Minotaur Fighter on Feb 9, 2020.
             Mangled by a gnoll
             ... wielding a +0 halberd
              (11 damage)
             ... on level 4 of the Dungeon.
             The game lasted 00:13:01 (3152 turns).

Alarak the Carver (Minotaur Fighter)                Turns: 3152, Time: 00:13:01

Health: -10/57     AC:  8    Str: 22    XL:     7   Next: 24%
Magic:  6/6        EV:  9    Int:  5    God:
Gold:   77         SH:  0    Dex: 10    Spells: 6/6 levels left

rFire    . . .     SeeInvis .   a - +0 long sword
rCold    . . .     Gourm    .   (no shield)
rNeg     . . .     Faith    .   b - +1 scale mail
rPois    .         Spirit   .   (helmet restricted)
rElec    .         Reflect  .   (no cloak)
rCorr    .         Harm     .   (no gloves)
MR       .....                  (no boots)
Stlth    ..........             k - amulet of inaccuracy (curse)
HPRegen  0.19/turn              (no ring)
MPRegen  0.10/turn              (no ring)

@: no status effects
A: retaliatory headbutt, horns 2
a: no special abilities


You were on level 4 of the Dungeon.
You were not hungry.

You visited 1 branch of the dungeon, and saw 4 of its levels.
You also visited: Sewer.

You collected 77 gold pieces.

Inventory:

Hand Weapons
 a - a +0 long sword (weapon)
Armour
 b - a +1 scale mail (worn)
 c - a +0 shield
Jewellery
 j - a +5 amulet of reflection
 k - a cursed amulet of inaccuracy (around neck)
Scrolls
 e - 2 scrolls of identify
 m - a scroll of fear
 n - 2 scrolls of magic mapping
 o - a scroll of teleportation
Potions
 d - 2 potions of might
 g - 4 potions of curing {unknown}
 h - a potion of agility {unknown}
 i - a potion of degeneration {unknown}
 p - a potion of mutation {unknown}
 q - 2 potions of cancellation {unknown}
Comestibles
 f - 8 rations


   Skills:
 - Level 3.6 Fighting
 - Level 8.0 Long Blades
 + Level 6.5 Armour
 - Level 3.6 Shields


You had 6 spell levels left.
You didn't know any spells.
Your spell library contained the following spells:

 Spells                   Type           Power        Failure   Level  Hunger
 Corpse Rot               Necr/Air       N/A          88%         2    ###....
 Sublimation of Blood     Necr           #.........   88%         2    ###....
 Dispel Undead            Necr           #.......     100%        4    #####..
 Agony                    Necr           #.......     100%        5    ######.
 Excruciating Wounds      Chrm/Necr      #.........   100%        5    ######.


Dungeon Overview and Level Annotations

Branches:
Dungeon (4/15)              Sewer (visited)
 Temple: D:4-7

Altars:
Dithmenos
Fedhas
Yredelemnul


Innate Abilities, Weirdness & Mutations

You reflexively headbutt those who attack you in melee.
You have a pair of horns on your head.


Message History

* * * LOW HITPOINT WARNING * * *
You miss the gnoll. The gnoll barely misses you. You furiously retaliate!
You headbutt the gnoll.
You riposte.
You closely miss the gnoll.
The gnoll is moderately wounded.
You barely miss the gnoll.
The gnoll is moderately wounded.
You closely miss the gnoll.
The gnoll is moderately wounded.
The gnoll closely misses you.
You hit the gnoll.
The gnoll is severely wounded.
The gnoll hits you with a +0 halberd.
* * * LOW HITPOINT WARNING * * *
You barely miss the gnoll.
The gnoll is severely wounded.
The gnoll barely misses you.
You closely miss the gnoll. You headbutt the gnoll.
The gnoll is severely wounded.
The gnoll hits you with a +0 halberd!
You die...

..# # ^... ... . #...
#.#.# ##.#.# .....
####.###### #
#.........#
....#####.##.#.##.######
#..g@...#.#.........#
......###..#...##.####.#
.###. #..#.#.##.# #.. ..
#..#.#.##.# ### ..
#...).....# .#
##.######## ..# .### #.


You could see a gnoll.

Vanquished Creatures
  5 big kobolds (Sewer)
  A bullfrog (D:3)
  An orc wizard (D:3)
  3 gnolls (D:4)
  4 river rats (Sewer)
  3 adders
  4 oozes (Sewer)
  3 worms
  2 dart slugs
  A leopard gecko (D:2)
  4 orcs (D:3)
  5 giant cockroaches
  7 goblins
  5 hobgoblins
  10 kobolds
  2 quokkas
  5 ball pythons
  9 bats
  2 frilled lizards
  12 rats
  A spectral orc (D:3)
89 creatures vanquished.

Notes
Turn   | Place    | Note
-------+----------+-------------------------------------------
     0 | D:1      | Alarak the Minotaur Fighter began the quest for the Orb.
     0 | D:1      | Reached XP level 1. HP: 19/19 MP: 0/0
   110 | D:1      | Reached skill level 3 in Long Blades
   119 | D:1      | Reached XP level 2. HP: 10/26 MP: 1/1
   629 | D:1      | Reached skill level 4 in Long Blades
   846 | D:2      | Reached XP level 3. HP: 28/31 MP: 2/2
   863 | D:2      | Found a blossoming altar of Fedhas.
  1064 | D:2      | Found a shadowy altar of Dithmenos.
  1206 | D:3      | Found a glowing drain.
  1223 | D:3      | Reached skill level 5 in Long Blades
  1223 | D:3      | Reached XP level 4. HP: 19/39 MP: 3/3
  1285 | Sewer    | Entered a sewer
  1434 | Sewer    | Noticed a big kobold
  1460 | Sewer    | Killed a big kobold
  1460 | Sewer    | Reached skill level 6 in Long Blades
  1460 | Sewer    | Reached XP level 5. HP: 34/45 MP: 4/4
  1491 | Sewer    | Reached skill level 7 in Long Blades
  1962 | Sewer    | Reached skill level 8 in Long Blades
  1962 | Sewer    | Reached XP level 6. HP: 17/51 MP: 5/5
  2382 | Sewer    | Reached skill level 5 in Armour
  2582 | D:3      | Reached XP level 7. HP: 36/57 MP: 6/6
  2595 | D:3      | Found a basalt altar of Yredelemnul.
  3150 | D:4      | HP: 1/57 [gnoll/+0 halberd (5)]
  3152 | D:4      | Mangled by a gnoll

Levels and vault maps discovered:
D:1:      dpeg_arrival_prison, layout_loops_ring, due_unseen_surprise
D:2:      layout_rooms, nicolae_dithmenos_shadow_blocks,
          overflow_temple_1_default
D:3:      layout_basic, yredelemnul_forgotten_temple_becter,
          cheibrodos_sewer_entry_sluice
D:4:      layout_loops_cross, kennysheep_little_box, bloody_trog, minivault_5

Skill      XL: |  1  2  3  4  5  6 |
---------------+-------------------+-----
Long Blades    | 3 4 5 6 8 |  8.0
Armour         | 6 |  6.5
Fighting       | |  3.6
Shields        | |  3.6

Action                   |  1- 3 |  4- 6 |  7- 9 || total
-------------------------+-------+-------+-------++-------
Melee: Long sword        |    96 |   158 |    56 ||   310
       Headbutt          |    16 |    17 |    10 ||    43
  Use: Scroll            |       |     3 |     1 ||     4
  Eat: Chunk             |     1 |     5 |     2 ||     8
Armor: Scale mail        |    54 |    59 |    15 ||   128
Dodge: Dodged            |    55 |    66 |    32 ||   153
       Rpst.: Long sword |    18 |    26 |    11 ||    55

Table legend:
 A = Non-vault XP
 B = Vault XP
 C = Vault XP percentage of total XP
 D = Non-vault monster count
 E = Vault monster count
 F = Vault count percentage of total count
                 A         B        C        D         E       F
            +---------+---------+-------+---------+---------+-------
      Total |     288 |     613 |  68.0 |      56 |      33 |  37.1
            +---------+---------+-------+---------+---------+-------
        D:1 |      36 |       3 |   7.7 |      21 |       2 |   8.7
        D:2 |      18 |       0 |   0.0 |       8 |       0 |   0.0
        D:3 |     191 |       3 |   1.5 |      24 |       3 |  11.1
        D:4 |      43 |       0 |   0.0 |       3 |       0 |   0.0
      Sewer |       0 |     607 | 100.0 |       0 |      28 | 100.0
            +---------+---------+-------+---------+---------+-------
